DBL
SEATTLE PILOTS @ SAN DIEGO PADRES
06/15/1997
 
TOP OF THE 1ST
Seattle Pilots batting - Pitching for San Diego Padres : RHP Ismael Valdez
Pitching: RHP Ismael Valdez
Batting: SHB Pat Listach 0-0: Foul Ball, location: 2F
0-1: Ball
1-1: Foul Ball, location: 2F
1-2: Foul Ball, location: 2F
1-2: Foul Ball, location: 2F
1-2: Ground out 4-3 (Groundball, 4, EV 90.6 MPH)
Batting: RHB Edgar Martinez 0-0: Called Strike
0-1: Foul Ball, location: 2F
0-2: Foul Ball, location: 2F
0-2: Foul Ball, location: 2F
0-2: Ball
1-2: Ball
2-2: Foul Ball, location: 2F
2-2: SINGLE (Groundball, 6MD, EV 103.1 MPH)
Batting: LHB Ken Griffey Jr. 0-0: Ball
1-0: Fly out, F9 (Flyball, 89D, EV 98.1 MPH)
Batting: LHB J.T. Snow 0-0: Foul Ball, location: 2F
0-1: Ball
1-1: Called Strike
1-2: Ball
2-2: Ball
3-2: Fly out, F8 (Line Drive, 8RD, EV 93.1 MPH)
Top of the 1st over - 0 runs, 1 hit, 0 errors, 1 left on base; Seattle 0 - San Diego 0
BOTTOM OF THE 1ST
San Diego Padres batting - Pitching for Seattle Pilots : RHP Cliff Brantley
Pitching: RHP Cliff Brantley
Batting: RHB Carlos Quintana 0-0: Ball
1-0: Foul Ball, location: 2F
1-1: Called Strike
1-2: Strikes out looking
Batting: RHB Geronimo Berroa 0-0: SINGLE (Flyball, 9LM, EV 86.3 MPH)
Batting: SHB Tony Clark 0-0: Called Strike
0-1: Called Strike
0-2: Ball
1-2: Ball
2-2: Strikes out swinging
Batting: RHB Andres Galarraga 0-0: Ball
1-0: Ball
2-0: Ball
Wild Pitch!
Geronimo Berroa to second
3-0: Base on Balls
Batting: LHB Jim Edmonds 0-0: Ball
1-0: Ball
2-0: Called Strike
2-1: Swinging Strike
2-2: Foul Ball, location: 2F
2-2: Ball
3-2: Strikes out looking
Bottom of the 1st over - 0 runs, 1 hit, 0 errors, 2 left on base; Seattle 0 - San Diego 0
TOP OF THE 2ND
Seattle Pilots batting - Pitching for San Diego Padres : RHP Ismael Valdez
Batting: RHB Francisco Cabrera 0-0: Foul Ball, location: 2F
0-1: Foul Ball, location: 2F
0-2: Strikes out swinging
Batting: LHB Marvin Benard 0-0: Ball
1-0: Ground out 5-3 (Groundball, 56, EV 110.6 MPH)
Batting: LHB Scott Bullett 0-0: Ground out 1-3 (Groundball, 34S, EV 69.4 MPH)
Top of the 2nd over - 0 runs, 0 hits, 0 errors, 0 left on base; Seattle 0 - San Diego 0
BOTTOM OF THE 2ND
San Diego Padres batting - Pitching for Seattle Pilots : RHP Cliff Brantley
Batting: RHB Manny Ramirez 0-0: Called Strike
0-1: Ball
1-1: Ball
2-1: Foul Ball, location: 2F
2-2: Ball
3-2: Ground out 5-3 (Groundball, 5, EV 103.8 MPH)
Batting: SHB Mark Bellhorn 0-0: Ball
1-0: Called Strike
1-1: Ground out U3 (Groundball, 34, EV 106.9 MPH)
Batting: SHB Manuel Lee 0-0: Called Strike
0-1: Ball
1-1: Called Strike
1-2: Fly out, F8 (Flyball, 8RM, EV 90.6 MPH)
Bottom of the 2nd over - 0 runs, 0 hits, 0 errors, 0 left on base; Seattle 0 - San Diego 0
TOP OF THE 3RD
Seattle Pilots batting - Pitching for San Diego Padres : RHP Ismael Valdez
Batting: RHB Aaron Ledesma 0-0: Foul Ball, location: 2F
0-1: Ball
1-1: Ball
2-1: Ball
3-1: Called Strike
3-2: Ground out 5-3 (Groundball, 5L, EV 81.3 MPH)
Batting: SHB Mark McLemore 0-0: Ball
1-0: Fly out, F8 (Flyball, 8RD, EV 93.8 MPH)
Batting: SHB Pat Listach 0-0: Ball
1-0: Foul Ball, location: 2F
1-1: Ball
2-1: Ball
3-1: Ground out 4-3 (Groundball, 4, EV 77.5 MPH)
Top of the 3rd over - 0 runs, 0 hits, 0 errors, 0 left on base; Seattle 0 - San Diego 0
BOTTOM OF THE 3RD
San Diego Padres batting - Pitching for Seattle Pilots : RHP Cliff Brantley
Batting: SHB Matt Walbeck 0-0: Ball
1-0: Ground out 1-3 (Groundball, 34S, EV 81.9 MPH)
Batting: RHB Carlos Quintana 0-0: Ball
1-0: Ground out 6-3 (Groundball, 6, EV 101.3 MPH)
Batting: RHB Geronimo Berroa 0-0: Fly out, F8 (Flyball, 8RXD, EV 93.1 MPH)
Bottom of the 3rd over - 0 runs, 0 hits, 0 errors, 0 left on base; Seattle 0 - San Diego 0
TOP OF THE 4TH
Seattle Pilots batting - Pitching for San Diego Padres : RHP Ismael Valdez
Batting: RHB Edgar Martinez 0-0: Called Strike
0-1: Ball
1-1: Ball
2-1: Ball
3-1: Fly out, F9 (Flyball, 9D, EV 87.5 MPH)
Batting: LHB Ken Griffey Jr. 0-0: Ball
1-0: Ground out 1-3 (Groundball, 13, EV 70.6 MPH)
Batting: LHB J.T. Snow 0-0: Called Strike
0-1: Called Strike
0-2: Ball
1-2: Strikes out swinging
Top of the 4th over - 0 runs, 0 hits, 0 errors, 0 left on base; Seattle 0 - San Diego 0
BOTTOM OF THE 4TH
San Diego Padres batting - Pitching for Seattle Pilots : RHP Cliff Brantley
Batting: SHB Tony Clark 0-0: Ball
1-0: Called Strike
1-1: Called Strike
1-2: SINGLE (Groundball, 6MD, EV 100.6 MPH)
Batting: RHB Andres Galarraga 0-0: Ball
1-0: Fielders Choice at 2nd, 5-4 (Groundball, 56S, EV 84.4 MPH)
Batting: LHB Jim Edmonds 0-0: Called Strike
Andres Galarraga steals 2nd base
0-1: Fly out, F8 (Line Drive, 8RD, EV 90.0 MPH)
Batting: RHB Manny Ramirez 0-0: Ground out 1-3 (Groundball, 13, EV 85.6 MPH)
Bottom of the 4th over - 0 runs, 1 hit, 0 errors, 1 left on base; Seattle 0 - San Diego 0
TOP OF THE 5TH
Seattle Pilots batting - Pitching for San Diego Padres : RHP Ismael Valdez
Batting: RHB Francisco Cabrera 0-0: Foul Ball, location: 2F
0-1: Ball
1-1: Foul Ball, location: 2F
1-2: Strikes out swinging
Batting: LHB Marvin Benard 0-0: Ground out 1-3 (Groundball, P, EV 93.1 MPH)
Batting: LHB Scott Bullett 0-0: Ball
1-0: Ball
2-0: Foul Ball, location: 2F
2-1: Foul Ball, location: 2F
2-2: Strikes out swinging
Top of the 5th over - 0 runs, 0 hits, 0 errors, 0 left on base; Seattle 0 - San Diego 0
BOTTOM OF THE 5TH
San Diego Padres batting - Pitching for Seattle Pilots : RHP Cliff Brantley
Batting: SHB Mark Bellhorn 0-0: Foul Ball, location: 2F
0-1: Ball
1-1: Ball
2-1: Foul Ball, location: 2F
2-2: Ball
3-2: Ground out 4-3 (Groundball, 4, EV 85.0 MPH)
Batting: SHB Manuel Lee 0-0: Ball
1-0: Foul Ball, location: 2F
1-1: Swinging Strike
1-2: Ball
2-2: Fly out, F9 (Flyball, 89M, EV 79.4 MPH)
Batting: SHB Matt Walbeck 0-0: Ball
1-0: SINGLE (Groundball, 4S, EV 74.4 MPH) (infield hit)
Batting: RHB Carlos Quintana 0-0: Called Strike
0-1: Ball
1-1: Ball
2-1: Ball
3-1: Foul Ball, location: 2F
3-2: SINGLE (Groundball, 4D, EV 94.4 MPH)
Matt Walbeck to second
Matt Walbeck to third
Batting: RHB Geronimo Berroa 0-0: Ball
1-0: Called Strike
1-1: Ball
2-1: Called Strike
2-2: Foul Ball, location: 2F
2-2: DOUBLE (Groundball, 5L, EV 101.3 MPH)
Matt Walbeck scores
Carlos Quintana to third
Runner from 3rd tries for Home, SAFE, throw by LF to home
Batting: SHB Tony Clark 0-0: Foul Ball, location: 2F
0-1: Swinging Strike
0-2: Strikes out swinging
Bottom of the 5th over - 2 runs, 3 hits, 0 errors, 1 left on base; Seattle 0 - San Diego 2
TOP OF THE 6TH
Seattle Pilots batting - Pitching for San Diego Padres : RHP Ismael Valdez
Batting: RHB Aaron Ledesma 0-0: Called Strike
0-1: Ground out 6-3 (Groundball, 6, EV 90.6 MPH)
Batting: SHB Mark McLemore 0-0: Called Strike
0-1: Called Strike
0-2: Foul Ball, location: 2F
0-2: Ball
1-2: Strikes out swinging
Batting: SHB Pat Listach 0-0: Called Strike
0-1: Called Strike
0-2: Ball
1-2: Ball
2-2: Foul Ball, location: 2F
2-2: Ball
3-2: Foul Ball, location: 2F
3-2: Foul Ball, location: 2F
3-2: Fly out, F7 (Line Drive, 7, EV 92.5 MPH)
Top of the 6th over - 0 runs, 0 hits, 0 errors, 0 left on base; Seattle 0 - San Diego 2
BOTTOM OF THE 6TH
San Diego Padres batting - Pitching for Seattle Pilots : RHP Cliff Brantley
Batting: RHB Andres Galarraga 0-0: Called Strike
0-1: DOUBLE (Line Drive, 7LS, EV 95.0 MPH)
Batting: LHB Jim Edmonds 0-0: Ball
1-0: Foul Ball, location: 2F
1-1: Fly out, F8 (Line Drive, 8RD, EV 95.6 MPH)
Batting: RHB Manny Ramirez 0-0: Foul Ball, location: 2F
0-1: Called Strike
0-2: Strikes out swinging
Batting: SHB Mark Bellhorn 0-0: SINGLE (Line Drive, 34, EV 95.6 MPH)
Andres Galarraga to third
Runner from 3rd tries for Home, SAFE, throw by RF to home
Batting: SHB Manuel Lee 0-0: Ball
1-0: Ground out 4-3 (Groundball, 4, EV 84.4 MPH)
Bottom of the 6th over - 1 run, 2 hits, 0 errors, 1 left on base; Seattle 0 - San Diego 3
TOP OF THE 7TH
Seattle Pilots batting - Pitching for San Diego Padres : RHP Ismael Valdez
Batting: RHB Edgar Martinez 0-0: Swinging Strike
0-1: Ball
1-1: Swinging Strike
1-2: Ball
2-2: Foul Ball, location: 2F
2-2: Foul Ball, location: 2F
2-2: SINGLE (Groundball, 4D, EV 103.8 MPH)
Batting: LHB Ken Griffey Jr. 0-0: Called Strike
0-1: Ball
1-1: Foul Ball, location: 2F
1-2: Ball
2-2: Ball
3-2: Strikes out looking
Batting: LHB J.T. Snow 0-0: Swinging Strike
0-1: Foul Ball, location: 2F
0-2: Strikes out swinging
Batting: RHB Francisco Cabrera 0-0: DOUBLE (Line Drive, 8LD, EV 107.5 MPH)
Edgar Martinez to third
Batting: LHB Marvin Benard 0-0: Called Strike
0-1: Swinging Strike
0-2: Strikes out swinging
Top of the 7th over - 0 runs, 2 hits, 0 errors, 2 left on base; Seattle 0 - San Diego 3
BOTTOM OF THE 7TH
San Diego Padres batting - Pitching for Seattle Pilots : RHP Cliff Brantley
Batting: SHB Matt Walbeck 0-0: Ball
1-0: Ball
2-0: SINGLE (Line Drive, 4M, EV 95.0 MPH)
Batting: RHB Carlos Quintana 0-0: Ball
1-0: Sac Bunt to 15S - play at first, batter OUT! 1-4
Matt Walbeck to second
Batting: RHB Geronimo Berroa 0-0: Ball
1-0: Foul Ball, location: 2F
1-1: Ball
2-1: Ball
3-1: Foul Ball, location: 2F
3-2: Fly out, F8 (Flyball, 8RS, EV 89.4 MPH)
Batting: SHB Tony Clark 0-0: Ball
1-0: Ball
2-0: Ball
3-0: Base on Balls
Batting: RHB Andres Galarraga 0-0: Swinging Strike
0-1: Ball
1-1: Foul Ball, location: 2F
1-2: Ball
2-2: Ball
3-2: Base on Balls
Matt Walbeck to third
Tony Clark to second
Batting: LHB Jim Edmonds 0-0: Ball
1-0: Foul Ball, location: 2F
1-1: Ball
2-1: Foul Ball, location: 2F
2-2: Ball
3-2: SINGLE (Line Drive, 34D, EV 110.0 MPH)
Matt Walbeck scores
Tony Clark to third
Andres Galarraga to second
Tony Clark scores
Andres Galarraga to third
Batting: RHB Manny Ramirez 0-0: Foul Ball, location: 2F
0-1: Ball
1-1: Ball
2-1: Foul Ball, location: 2F
2-2: Foul Ball, location: 2F
2-2: Fly out, F8 (Flyball, 8LM, EV 84.4 MPH)
Bottom of the 7th over - 2 runs, 2 hits, 0 errors, 2 left on base; Seattle 0 - San Diego 5
TOP OF THE 8TH
Seattle Pilots batting - Pitching for San Diego Padres : RHP Ismael Valdez
Now in LF: Jeff Conine
Now in RF: Mark Whiten
Batting: LHB Scott Bullett 0-0: Ball
1-0: Ground out 4-3 (Groundball, 4, EV 84.4 MPH)
Batting: RHB Aaron Ledesma 0-0: Foul Ball, location: 2F
0-1: Swinging Strike
0-2: Foul Ball, location: 2F
0-2: Strikes out swinging
Batting: SHB Mark McLemore 0-0: Ball
1-0: Fly out, F4 (Line Drive, 4, EV 66.3 MPH)
Top of the 8th over - 0 runs, 0 hits, 0 errors, 0 left on base; Seattle 0 - San Diego 5
BOTTOM OF THE 8TH
San Diego Padres batting - Pitching for Seattle Pilots : RHP Cliff Brantley
Batting: SHB Mark Bellhorn 0-0: Ball
1-0: Fly out, F9 (Line Drive, 9D, EV 90.0 MPH)
Pitching: RHP Francisco Oliveras
Batting: SHB Manuel Lee 0-0: Foul Ball, location: 2F
0-1: Ball
1-1: Swinging Strike
1-2: Strikes out swinging
Batting: SHB Matt Walbeck 0-0: Foul Ball, location: 2F
0-1: Swinging Strike
0-2: Strikes out swinging
Bottom of the 8th over - 0 runs, 0 hits, 0 errors, 0 left on base; Seattle 0 - San Diego 5
TOP OF THE 9TH
Seattle Pilots batting - Pitching for San Diego Padres : RHP Ismael Valdez
Batting: SHB Pat Listach 0-0: Ball
1-0: Ground out 6-3 (Groundball, 4MD, EV 90.0 MPH)
Batting: RHB Edgar Martinez 0-0: Called Strike
0-1: Ball
1-1: Foul Ball, location: 2F
1-2: Ball
2-2: SINGLE (Flyball, 7LM, EV 105.6 MPH)
Pitching: LHP Mark Langston
Batting: LHB Ken Griffey Jr. 0-0: Ball
1-0: Ball
2-0: Ball
3-0: Called Strike
3-1: Base on Balls
Edgar Martinez to second
Batting: LHB J.T. Snow 0-0: Ball
1-0: Ball
2-0: Called Strike
2-1: Swinging Strike
2-2: Ball
3-2: Strikes out looking
Batting: RHB Francisco Cabrera 0-0: Called Strike
0-1: Ball
1-1: Foul Ball, location: 2F
1-2: Ball
2-2: Ball
3-2: Foul Ball, location: 2F
3-2: Strikes out looking
Top of the 9th over - 0 runs, 1 hit, 0 errors, 2 left on base; Seattle 0 - San Diego 5
Tuesday, February 24th, 2026 - OOTP Baseball 20.8 Build 74